Lightning vs Coyotes

Created - November 6, 2019 at 18:59

Goals
1 2 3 T
Lightning 1 0 0 1
Coyotes 0 0 3 3
Shots
1 2 3 T
Lightning 9 6 12 27
Coyotes 12 6 7 25

1st period

1. Lightning , Dwight King 1 (Jeff Schultz 6) at 16:12

Penalties :
No Penalty

2nd period

No Goal

Penalties :
Justin Schultz (TB.) for Hooking (Minor) at 3:30, Evgeny Artyukhin (Ari) for Holding (Minor) at 9:59, Andrew MacDonald (Ari) for Tripping (Minor) at 17:51

3rd period

2. Coyotes , Marian Gaborik 7 (Nazem Kadri 9) at 6:13 (PP)
3. Coyotes , Zach Parise 3 (Michael Del Zotto 2) at 12:49
4. Coyotes , Evgeny Artyukhin 1 (Andrew MacDonald 2, Matt Donovan 2) at 14:08

Penalties :
Michael Raffl (TB.) for Hooking (Minor) at 0:49, Mikael Backlund (TB.) for Diving (Minor) at 5:57, Evgeny Artyukhin (Ari) for Hooking (Minor) at 17:03

Goalie Stats

Jaroslav Halak (TB.), 22 saves from 25 shots - (0.880), L, 3-3-0, 60:00 minutes
Maxime Daigneault (Ari), 26 saves from 27 shots - (0.963), W, 3-2-0, 60:00 minutes

Players Stats for Lightning

Player Name              G  A  P  +/- PIM S  H  SB GA TA FO     MP     PP MP  PK MP  
------------------------------------------------------------------------------------
Andy Rogers              0  0  0  -1  0   2  0  2  0  1  0/0    13:58   0:00   1:35 
Brad Boyes               0  0  0   0  0   0  0  0  1  0  0/1    13:59   1:05   0:00 
Brent Burns              0  0  0  -1  0   0  1  1  0  0  0/0    21:59   2:22   2:50 
Chad Larose              0  0  0   0  0   0  0  0  1  0  0/1     7:35   0:00   0:52 
Dwight King              1  0  1   0  0   3  3  0  1  1  0/0    19:51   2:47   0:44 
Gabriel Landeskog        0  0  0  -1  0   2  3  0  2  1  1/2    25:23   3:05   2:29 
Jeff Schultz             0  1  1   1  0   0  3  0  0  2  0/0    24:28   3:35   2:39 
Justin Schultz           0  0  0  -1  2   1  2  2  1  0  0/0    22:19   2:22   0:42 
Matt Stajan              0  0  0   0  0   0  0  0  0  0  0/3    12:15   0:01   0:52 
Michael Raffl            0  0  0   0  2   0  3  0  0  1  0/1    15:42   0:00   0:28 
Mika Zibanejad           0  0  0   0  0   6  1  0  1  1  15/25  20:01   2:56   0:28 
Mikael Backlund          0  0  0   0  2   2  2  0  0  0  0/0     6:29   0:00   0:00 
Rasmus Ristolainen       0  0  0   1  0   1  1  2  1  0  0/0    24:14   3:35   0:00 
Rickard Rakell           0  0  0   0  0   0  0  0  0  0  0/0     2:18   0:00   0:00 
Riley Sheahan            0  0  0  -1  0   0  1  0  0  0  10/21  20:35   2:51   2:35 
Simon Gagné              0  0  0   0  0   1  1  0  0  1  0/0    13:27   2:10   0:00 
Theo Peckham             0  0  0  -1  0   0  0  2  0  0  0/0    13:05   0:00   0:42 
Tyler Toffoli            0  0  0  -1  0   9  1  1  0  0  0/0    18:05   2:56   0:00 

Players Stats for Coyotes

Player Name              G  A  P  +/- PIM S  H  SB GA TA FO     MP     PP MP  PK MP  
------------------------------------------------------------------------------------
Andrew MacDonald         0  1  1   0  2   1  0  0  0  0  0/0    17:04   1:49   1:36 
Anton Stralman           0  0  0  -1  0   1  1  1  1  0  0/0    21:06   0:00   3:32 
Brad Richards            0  0  0   0  0   1  2  0  0  0  5/11   20:07   1:48   2:18 
Chris Stewart            0  0  0   0  0   0  2  1  2  0  0/1    18:41   1:48   0:00 
Evgeny Artyukhin         1  0  1   1  4   2  2  0  1  0  0/0    13:01   0:00   0:00 
Jamie Arniel             0  0  0   1  0   1  0  0  0  0  7/11   15:57   0:00   3:10 
Josh Gorges              0  0  0   2  0   0  2  2  0  2  0/0    17:17   0:00   3:20 
Kristopher Letang        0  0  0  -1  0   1  2  0  1  2  0/0    25:26   2:25   0:49 
Marian Gaborik           1  0  1   0  0   5  2  0  2  1  0/1    22:10   2:26   0:00 
Martin Samuelsson        0  0  0   1  0   0  1  1  0  0  0/0    16:09   0:00   3:05 
Matt Donovan             0  1  1   0  0   0  0  0  0  0  0/0    15:20   1:49   0:00 
Michael Del Zotto        0  1  1   2  0   3  0  1  0  0  0/0    16:05   2:25   0:00 
Mike Weber               0  0  0   0  0   0  0  1  0  1  0/0     7:50   0:00   2:37 
Nazem Kadri              0  1  1   0  0   1  1  1  0  2  12/24  18:03   2:26   0:29 
Nick Bonino              0  0  0   0  0   0  0  1  1  0  1/3     5:53   0:00   0:00 
Ramzi Abid               0  0  0   0  0   1  1  0  0  0  0/0     7:10   0:00   1:08 
Tyler Ennis              0  0  0   0  0   3  3  1  0  0  3/3    16:58   2:26   0:00 
Zach Parise              1  0  1   0  0   5  3  0  0  0  0/0    19:43   1:48   1:44 

3 Stars

1 - Maxime Daigneault (Ari)
2 - Zach Parise (Ari)
3 - Marian Gaborik (Ari)

Power Play

Lightning - 0 on 3 Attempt(s) - 0.00%
Coyotes - 1 on 3 Attempt(s) - 33.33%

Penalty Kill

Lightning - 2 on 3 Attempt(s) - 66.67% - Score 0 goal in Penalty Kill
Coyotes - 3 on 3 Attempt(s) - 100.00% - Score 0 goal in Penalty Kill

Team Stat

Lightning - Hits : 22 - Faceoff Wins : 26 - Blocked Shots : 10 - Penalty Minutes : 6
Coyotes - Hits : 22 - Faceoff Wins : 28 - Blocked Shots : 10 - Penalty Minutes : 6

Official

Referees : Unknown
Linesman : Unknown

Game Notes

Rickard Rakell is injured at 8:46 of 1st period (Bruised Left Leg)

Finance

Level 1 -- Attendance: 5901 (98.35%) -- Ticket Income $619,605
Level 2 -- Attendance: 5000 (100.00%) -- Ticket Income $325,000
Level 3 -- Attendance: 1828 (91.40%) -- Ticket Income $73,120
Level 4 -- Attendance: 3648 (91.20%) -- Ticket Income $109,440
Luxury Box -- Attendance: 980 (98.00%) -- Ticket Income $176,400
Game was played at the The Pack Center.
Total Attendance: 17357 (96.43%)
Total Ticket Income: $1,303,565
Other Income: $195,535
Total Income: $1,499,100

Lightning

5 vs 5 Forward 
   Center                   Left Wing                Right Wing               Time % Phy DF OF 
 1 Riley Sheahan            Gabriel Landeskog        Tyler Toffoli            40     1   2  2  
 2 Mika Zibanejad           Dwight King              Rickard Rakell           40     1   2  2  
 3 Matt Stajan              Simon Gagné              Brad Boyes               15     1   2  2  
 4 Mikael Backlund          Michael Raffl            Chad Larose              5      1   2  2  

5 vs 5 Defense 
   Defense                  Defense                                           Time % Phy DF OF 
 1 Rasmus Ristolainen       Jeff Schultz                                      40     1   2  2  
 2 Justin Schultz           Brent Burns                                       35     1   2  2  
 3 Andy Rogers              Theo Peckham                                      15     1   2  2  
 4 Rasmus Ristolainen       Justin Schultz                                    10     1   2  2  

PowerPlay Forward 
   Center                   Left Wing                Right Wing               Time % Phy DF OF 
 1 Mika Zibanejad           Gabriel Landeskog        Tyler Toffoli            60     1   2  2  
 2 Riley Sheahan            Dwight King              Rickard Rakell           40     1   2  2  

PowerPlay Defense
   Defense                  Defense                                           Time % Phy DF OF 
 1 Rasmus Ristolainen       Jeff Schultz                                      60     1   2  2  
 2 Justin Schultz           Brent Burns                                       40     1   2  2  

Penalty Kill 4 Players Forward 
   Center                   Wing                     Time % Phy DF OF 
 1 Riley Sheahan            Gabriel Landeskog        60     1   2  2  
 2 Matt Stajan              Chad Larose              40     1   2  2  

Penalty Kill 4 Players Defense
   Defense                  Defense                  Time % Phy DF OF 
 1 Jeff Schultz             Brent Burns              60     1   2  2  
 2 Justin Schultz           Andy Rogers              40     1   2  2  

Penalty Kill - 3 Players Forward 
   Forward                                           Time % Phy DF OF 
 1 Riley Sheahan                                     60     1   2  2  
 2 Gabriel Landeskog                                 40     1   2  2  

Penalty Kill - 3 Players Defense
   Defense                  Defense                  Time % Phy DF OF 
 1 Jeff Schultz             Brent Burns              60     1   2  2  
 2 Justin Schultz           Andy Rogers              40     1   2  2  

4 vs 4 Forward 
   Center                   Wing                     Time % Phy DF OF 
 1 Gabriel Landeskog        Tyler Toffoli            60     1   2  2  
 2 Mika Zibanejad           Rickard Rakell           40     1   2  2  

4 vs 4 Defense
   Defense                  Defense                  Time % Phy DF OF 
 1 Rasmus Ristolainen       Jeff Schultz             60     1   2  2  
 2 Justin Schultz           Brent Burns              40     1   2  2  

Last Minutes Offensive
   Center                   Left Wing                Right Wing               Defense                  Defense                  
   Mika Zibanejad           Gabriel Landeskog        Tyler Toffoli            Rasmus Ristolainen       Brent Burns              

Last Minutes Defensive
   Center                   Left Wing                Right Wing               Defense                  Defense                  
   Riley Sheahan            Simon Gagné              Chad Larose              Jeff Schultz             Justin Schultz           

Goaltenders
Starting : Jaroslav Halak           
Backup : Jhonas Enroth            

Extra Forwards
Normal : Mika Zibanejad, Gabriel Landeskog, Michael Raffl - PP : Mika Zibanejad, Simon Gagné - PK : Michael Raffl
Extra Defensemen
Normal : Rasmus Ristolainen, Theo Peckham, Justin Schultz - PP : Rasmus Ristolainen - PK : Theo Peckham, Justin Schultz
Penalty Shots
Tyler Toffoli, Gabriel Landeskog, Mika Zibanejad, Riley Sheahan, Rickard Rakell

Scratches
Pierre-Luc Létourneau (Healthy)

Coyotes

5 vs 5 Forward 
   Center                   Left Wing                Right Wing               Time % Phy DF OF 
 1 Nazem Kadri              Tyler Ennis              Marian Gaborik           40     0   2  3  
 2 Brad Richards            Zach Parise              Chris Stewart            30     0   2  3  
 3 Jamie Arniel             Martin Samuelsson        Evgeny Artyukhin         20     0   2  3  
 4 Nick Bonino              Ramzi Abid               Marian Gaborik           10     0   2  3  

5 vs 5 Defense 
   Defense                  Defense                                           Time % Phy DF OF 
 1 Kristopher Letang        Anton Stralman                                    35     0   3  2  
 2 Josh Gorges              Michael Del Zotto                                 30     0   3  2  
 3 Matt Donovan             Andrew MacDonald                                  25     0   3  2  
 4 Kristopher Letang        Mike Weber                                        10     0   3  2  

PowerPlay Forward 
   Center                   Left Wing                Right Wing               Time % Phy DF OF 
 1 Nazem Kadri              Tyler Ennis              Marian Gaborik           60     0   2  3  
 2 Brad Richards            Zach Parise              Chris Stewart            40     0   2  3  

PowerPlay Defense
   Defense                  Defense                                           Time % Phy DF OF 
 1 Kristopher Letang        Michael Del Zotto                                 60     0   2  3  
 2 Matt Donovan             Andrew MacDonald                                  40     0   2  3  

Penalty Kill 4 Players Forward 
   Center                   Wing                     Time % Phy DF OF 
 1 Jamie Arniel             Martin Samuelsson        60     1   3  1  
 2 Brad Richards            Zach Parise              40     1   3  1  

Penalty Kill 4 Players Defense
   Defense                  Defense                  Time % Phy DF OF 
 1 Josh Gorges              Anton Stralman           60     0   4  1  
 2 Mike Weber               Andrew MacDonald         40     0   4  1  

Penalty Kill - 3 Players Forward 
   Forward                                           Time % Phy DF OF 
 1 Tyler Ennis                                       60     1   3  1  
 2 Martin Samuelsson                                 40     1   3  1  

Penalty Kill - 3 Players Defense
   Defense                  Defense                  Time % Phy DF OF 
 1 Josh Gorges              Anton Stralman           60     0   4  1  
 2 Kristopher Letang        Andrew MacDonald         40     0   4  1  

4 vs 4 Forward 
   Center                   Wing                     Time % Phy DF OF 
 1 Nazem Kadri              Tyler Ennis              60     0   2  3  
 2 Brad Richards            Zach Parise              40     0   2  3  

4 vs 4 Defense
   Defense                  Defense                  Time % Phy DF OF 
 1 Kristopher Letang        Anton Stralman           60     0   3  2  
 2 Josh Gorges              Michael Del Zotto        40     0   3  2  

Last Minutes Offensive
   Center                   Left Wing                Right Wing               Defense                  Defense                  
   Nazem Kadri              Tyler Ennis              Marian Gaborik           Kristopher Letang        Michael Del Zotto        

Last Minutes Defensive
   Center                   Left Wing                Right Wing               Defense                  Defense                  
   Brad Richards            Zach Parise              Marian Gaborik           Josh Gorges              Anton Stralman           

Goaltenders
Starting : Maxime Daigneault        
Backup : Thomas McCollum          

Extra Forwards
Normal : Chris Stewart, Jamie Arniel, Martin Samuelsson - PP : Chris Stewart, Jamie Arniel - PK : Martin Samuelsson
Extra Defensemen
Normal : Mike Weber, Matt Donovan, Andrew MacDonald - PP : Matt Donovan - PK : Andrew MacDonald, Kristopher Letang
Penalty Shots
Tyler Ennis, Marian Gaborik, Zach Parise, Nazem Kadri, Chris Stewart

Scratches
None


% Time on Ice - Lightning

Lines # - Real PCT - Wanted PCT - Time Play
Normal Forward
1 - 32% - 40% - 15:45
2 - 33% - 40% - 16:17
3 - 23% - 15% - 11:17
4 - 13% - 5% - 6:30
Normal Defense
1 - 37% - 40% - 18:14
2 - 33% - 35% - 16:12
3 - 25% - 15% - 12:23
4 - 6% - 10% - 3:00
PP Forward
1 - 49% - 60% - 2:56
2 - 51% - 40% - 3:01
PP Defense
1 - 60% - 60% - 3:35
2 - 40% - 40% - 2:22
PK Forward
1 - 80% - 60% - 3:22
2 - 20% - 40% - 0:52
PK Defense
1 - 63% - 60% - 2:39
2 - 37% - 40% - 1:35
PK3 Forward
1 - 0% - 60%
2 - 0% - 40%
PK3 Defense
1 - 0% - 60%
2 - 0% - 40%
44 Forward
1 - 0% - 60%
2 - 0% - 40%
44 Defense
1 - 0% - 60%
2 - 0% - 40%
Last Minute Offensive  - 0:00
Last Minute Defensive  - 0:00
Total
Forward - 60:00
Defense - 60:00

% Time on Ice - Coyotes

Lines # - Real PCT - Wanted PCT - Time Play
Normal Forward
1 - 30% - 40% - 14:44
2 - 33% - 30% - 16:25
3 - 26% - 20% - 12:47
4 - 12% - 10% - 5:53
Normal Defense
1 - 35% - 35% - 17:35
2 - 29% - 30% - 14:27
3 - 26% - 25% - 12:43
4 - 10% - 10% - 5:04
PP Forward
1 - 57% - 60% - 2:26
2 - 43% - 40% - 1:48
PP Defense
1 - 57% - 60% - 2:25
2 - 43% - 40% - 1:49
PK Forward
1 - 74% - 60% - 4:24
2 - 26% - 40% - 1:33
PK Defense
1 - 56% - 60% - 3:20
2 - 44% - 40% - 2:37
PK3 Forward
1 - 0% - 60%
2 - 0% - 40%
PK3 Defense
1 - 0% - 60%
2 - 0% - 40%
44 Forward
1 - 0% - 60%
2 - 0% - 40%
44 Defense
1 - 0% - 60%
2 - 0% - 40%
Last Minute Offensive  - 0:00
Last Minute Defensive  - 0:00
Total
Forward - 60:00
Defense - 60:00

Play-by-Play

1st period


0:01 of 1st period - Gabriel Landeskog wins face-off versus Nazem Kadri in neutral zone.
0:14 of 1st period - Snap shot by Tyler Toffoli.
0:14 of 1st period - Stopped by Maxime Daigneault with a rebound.
0:28 of 1st period - Slapshot by Kristopher Letang.
0:28 of 1st period - Deflect By Rasmus Ristolainen.
0:28 of 1st period - Stopped by Jaroslav Halak without a rebound.
0:29 of 1st period - Mika Zibanejad wins face-off versus Brad Richards in Lightning zone.
0:36 of 1st period - Snap shot by Zach Parise.
0:36 of 1st period - Stopped by Jaroslav Halak without a rebound.
0:37 of 1st period - Jamie Arniel wins face-off versus Brad Boyes in Lightning zone.
1:01 of 1st period - Off-side.
1:02 of 1st period - Nick Bonino wins face-off versus Mika Zibanejad in neutral zone.
1:37 of 1st period - Slapshot by Zach Parise.
1:37 of 1st period - Shot Misses the Net.
2:12 of 1st period - Wrist shot by Jamie Arniel.
2:12 of 1st period - Stopped by Jaroslav Halak with a rebound.
2:30 of 1st period - Brad Richards is hit by Mika Zibanejad and loses puck.
3:05 of 1st period - Josh Gorges is hit by Mikael Backlund and loses puck.
3:10 of 1st period - Snap shot by Justin Schultz.
3:10 of 1st period - Shot Blocked by Josh Gorges.
3:12 of 1st period - Slapshot by Mikael Backlund.
3:12 of 1st period - Stopped by Maxime Daigneault without a rebound.
3:13 of 1st period - Riley Sheahan wins face-off versus Brad Richards in Coyotes zone.
3:49 of 1st period - Slapshot by Dwight King.
3:49 of 1st period - Shot Blocked by Nazem Kadri.
4:28 of 1st period - Jeff Schultz is hit by Kristopher Letang and loses puck.
4:50 of 1st period - Snap shot by Zach Parise.
4:50 of 1st period - Shot Misses the Net.
5:01 of 1st period - Justin Schultz is hit by Zach Parise.
5:51 of 1st period - Wrist shot by Gabriel Landeskog.
5:51 of 1st period - Shot Misses the Net.
5:53 of 1st period - Wrist shot by Riley Sheahan.
5:53 of 1st period - Shot Misses the Net.
5:55 of 1st period - Wrist shot by Gabriel Landeskog.
5:55 of 1st period - Deflect By Tyler Toffoli.
5:55 of 1st period - Stopped by Maxime Daigneault with a rebound.
5:57 of 1st period - Slapshot by Justin Schultz.
5:57 of 1st period - Shot Misses the Net.
5:59 of 1st period - Snap shot by Riley Sheahan.
5:59 of 1st period - Shot Misses the Net.
6:31 of 1st period - Snap shot by Tyler Toffoli.
6:31 of 1st period - Stopped by Maxime Daigneault without a rebound.
6:32 of 1st period - Mika Zibanejad wins face-off versus Nazem Kadri in Coyotes zone.
6:47 of 1st period - Snap shot by Mika Zibanejad.
6:47 of 1st period - Stopped by Maxime Daigneault with a rebound.
7:05 of 1st period - Wrist shot by Chris Stewart.
7:05 of 1st period - Shot Blocked by Andy Rogers.
7:07 of 1st period - Snap shot by Brad Richards.
7:07 of 1st period - Shot Blocked by Theo Peckham.
7:38 of 1st period - Off-side.
7:39 of 1st period - Mika Zibanejad wins face-off versus Brad Richards in neutral zone.
8:11 of 1st period - Slapshot by Kristopher Letang.
8:11 of 1st period - Shot Misses the Net.
8:45 of 1st period - Rickard Rakell is hit by Martin Samuelsson and loses puck.
8:46 of 1st period - Rickard Rakell from Lightning is injured at 8:46 of 1st period (Bruised Left Leg).
8:47 of 1st period - Mika Zibanejad wins face-off versus Nazem Kadri in Lightning zone.
9:17 of 1st period - Snap shot by Brad Boyes.
9:17 of 1st period - Shot Misses the Net.
9:34 of 1st period - Slapshot by Michael Del Zotto.
9:34 of 1st period - Deflect By Evgeny Artyukhin.
9:34 of 1st period - Deflect By Gabriel Landeskog.
9:34 of 1st period - Stopped by Jaroslav Halak without a rebound.
9:35 of 1st period - Jamie Arniel wins face-off versus Gabriel Landeskog in Lightning zone.
9:41 of 1st period - Wrist shot by Evgeny Artyukhin.
9:41 of 1st period - Shot Misses the Net.
10:41 of 1st period - Slapshot by Jamie Arniel.
10:41 of 1st period - Shot Misses the Net.
10:43 of 1st period - Snap shot by Martin Samuelsson.
10:43 of 1st period - Shot Blocked by Rasmus Ristolainen.
10:45 of 1st period - Snap shot by Andrew MacDonald.
10:45 of 1st period - Stopped by Jaroslav Halak without a rebound.
10:46 of 1st period - Mika Zibanejad wins face-off versus Jamie Arniel in Lightning zone.
11:11 of 1st period - Marian Gaborik is hit by Mikael Backlund and loses puck.
11:54 of 1st period - Snap shot by Michael Del Zotto.
11:54 of 1st period - Stopped by Jaroslav Halak with a rebound.
11:56 of 1st period - Snap shot by Marian Gaborik.
11:56 of 1st period - Shot Misses the Net.
11:58 of 1st period - Snap shot by Marian Gaborik.
11:58 of 1st period - Shot Misses the Net.
12:56 of 1st period - Jeff Schultz is hit by Zach Parise and loses puck.
13:27 of 1st period - Jeff Schultz is hit by Kristopher Letang and loses puck.
14:00 of 1st period - Wrist shot by Zach Parise.
14:00 of 1st period - Stopped by Jaroslav Halak with a rebound.
14:02 of 1st period - Snap shot by Zach Parise.
14:02 of 1st period - Stopped by Jaroslav Halak without a rebound.
14:03 of 1st period - Mika Zibanejad wins face-off versus Nazem Kadri in Lightning zone.
14:08 of 1st period - Nazem Kadri is hit by Dwight King and loses puck.
14:17 of 1st period - Brent Burns is hit by Tyler Ennis and loses puck.
14:30 of 1st period - Slapshot by Michael Del Zotto.
14:30 of 1st period - Stopped by Jaroslav Halak with a rebound.
14:42 of 1st period - Snap shot by Dwight King.
14:42 of 1st period - Shot Blocked by Michael Del Zotto.
14:44 of 1st period - Snap shot by Dwight King.
14:44 of 1st period - Stopped by Maxime Daigneault without a rebound.
14:45 of 1st period - Riley Sheahan wins face-off versus Jamie Arniel in Coyotes zone.
14:46 of 1st period - Slapshot by Tyler Toffoli.
14:46 of 1st period - Shot Misses the Net.
14:58 of 1st period - Snap shot by Tyler Toffoli.
14:58 of 1st period - Shot Misses the Net.
15:10 of 1st period - Rasmus Ristolainen is hit by Nazem Kadri.
15:14 of 1st period - Snap shot by Matt Stajan.
15:14 of 1st period - Shot Misses the Net.
15:16 of 1st period - Slapshot by Andy Rogers.
15:16 of 1st period - Stopped by Maxime Daigneault without a rebound.
15:17 of 1st period - Nazem Kadri wins face-off versus Riley Sheahan in Coyotes zone.
15:35 of 1st period - Michael Del Zotto is hit by Gabriel Landeskog and loses puck.
15:54 of 1st period - Backhand shot by Mika Zibanejad.
15:54 of 1st period - Stopped by Maxime Daigneault without a rebound.
15:55 of 1st period - Mika Zibanejad wins face-off versus Brad Richards in Coyotes zone.
16:08 of 1st period - Wrist shot by Dwight King.
16:08 of 1st period - Shot Misses the Net.
16:10 of 1st period - Slapshot by Jeff Schultz.
16:10 of 1st period - Shot Blocked by Chris Stewart.
16:12 of 1st period - Snap shot by Dwight King.
16:12 of 1st period - Goal by Dwight King - Lightning : 1 - Coyotes : 0.
16:13 of 1st period - Nazem Kadri wins face-off versus Mika Zibanejad in neutral zone.
16:27 of 1st period - Slapshot by Kristopher Letang.
16:27 of 1st period - Shot Misses the Net.
16:45 of 1st period - Slapshot by Anton Stralman.
16:45 of 1st period - Stopped by Jaroslav Halak without a rebound.
16:46 of 1st period - Jamie Arniel wins face-off versus Matt Stajan in Lightning zone.
16:59 of 1st period - Martin Samuelsson is hit by Simon Gagné and loses puck.
17:14 of 1st period - Slapshot by Jamie Arniel.
17:14 of 1st period - Shot Blocked by Justin Schultz.
17:18 of 1st period - Snap shot by Nazem Kadri.
17:18 of 1st period - Stopped by Jaroslav Halak with a rebound.
17:20 of 1st period - Wrist shot by Marian Gaborik.
17:20 of 1st period - Stopped by Jaroslav Halak without a rebound.
17:21 of 1st period - Riley Sheahan wins face-off versus Nazem Kadri in Lightning zone.
18:01 of 1st period - Wrist shot by Zach Parise.
18:01 of 1st period - Shot Blocked by Rasmus Ristolainen.
18:21 of 1st period - Wrist shot by Brad Boyes.
18:21 of 1st period - Shot Blocked by Mike Weber.
19:49 of 1st period - Chris Stewart is hit by Jeff Schultz and loses puck.
Goals for this period are 1 for Lightning vs 0 for Coyotes.
Shots for this period are 9 for Lightning vs 12 for Coyotes.

2nd period


0:01 of 2nd period - Riley Sheahan wins face-off versus Nazem Kadri in neutral zone.
0:07 of 2nd period - Riley Sheahan is hit by Marian Gaborik and loses puck.
0:26 of 2nd period - Kristopher Letang is hit by Dwight King and loses puck.
0:33 of 2nd period - Mika Zibanejad is hit by Josh Gorges and loses puck.
0:48 of 2nd period - Snap shot by Zach Parise.
0:48 of 2nd period - Stopped by Jaroslav Halak without a rebound.
0:49 of 2nd period - Jamie Arniel wins face-off versus Matt Stajan in Lightning zone.
0:58 of 2nd period - Slapshot by Jeff Schultz.
0:58 of 2nd period - Shot Misses the Net.
1:02 of 2nd period - Wrist shot by Matt Stajan.
1:02 of 2nd period - Shot Blocked by Anton Stralman.
1:18 of 2nd period - Snap shot by Dwight King.
1:18 of 2nd period - Deflect By Mika Zibanejad.
1:18 of 2nd period - Stopped by Maxime Daigneault without a rebound.
1:19 of 2nd period - Nazem Kadri wins face-off versus Mika Zibanejad in Coyotes zone.
1:19 of 2nd period - Nazem Kadri is hit by Gabriel Landeskog.
1:57 of 2nd period - Slapshot by Justin Schultz.
1:57 of 2nd period - Shot Misses the Net.
1:59 of 2nd period - Slapshot by Justin Schultz.
1:59 of 2nd period - Stopped by Maxime Daigneault without a rebound.
2:00 of 2nd period - Nazem Kadri wins face-off versus Matt Stajan in Coyotes zone.
2:27 of 2nd period - Zach Parise is hit by Michael Raffl and loses puck.
2:46 of 2nd period - Wrist shot by Riley Sheahan.
2:46 of 2nd period - Shot Misses the Net.
3:30 of 2nd period - Minor Penalty to Justin Schultz for Hooking.
3:31 of 2nd period - Tyler Ennis wins face-off versus Riley Sheahan in Lightning zone.
3:44 of 2nd period - Wrist shot by Tyler Ennis.
3:44 of 2nd period - Stopped by Jaroslav Halak with a rebound.
3:59 of 2nd period - Icing by Andrew MacDonald.
4:00 of 2nd period - Brad Richards wins face-off versus Riley Sheahan in Coyotes zone.
4:15 of 2nd period - Andy Rogers is hit by Tyler Ennis and loses puck.
4:54 of 2nd period - Riley Sheahan is hit by Marian Gaborik and loses puck.
5:30 of 2nd period - Penalty to Justin Schultz is over, Justin Schultz is back on ice.
5:45 of 2nd period - Wrist shot by Simon Gagné.
5:45 of 2nd period - Stopped by Maxime Daigneault with a rebound.
6:17 of 2nd period - Slapshot by Mikael Backlund.
6:17 of 2nd period - Stopped by Maxime Daigneault without a rebound.
6:18 of 2nd period - Brad Richards wins face-off versus Chad Larose in Coyotes zone.
6:29 of 2nd period - Snap shot by Mikael Backlund.
6:29 of 2nd period - Shot Misses the Net.
6:41 of 2nd period - Mika Zibanejad is hit by Evgeny Artyukhin and loses puck.
7:28 of 2nd period - Kristopher Letang is hit by Michael Raffl and loses puck.
7:47 of 2nd period - Snap shot by Marian Gaborik.
7:47 of 2nd period - Stopped by Jaroslav Halak with a rebound.
9:11 of 2nd period - Wrist shot by Nazem Kadri.
9:11 of 2nd period - Shot Misses the Net.
9:31 of 2nd period - Snap shot by Zach Parise.
9:31 of 2nd period - Shot Misses the Net.
9:59 of 2nd period - Minor Penalty to Evgeny Artyukhin for Holding.
10:00 of 2nd period - Mika Zibanejad wins face-off versus Jamie Arniel in Coyotes zone.
10:39 of 2nd period - Josh Gorges is hit by Jeff Schultz and loses puck.
11:34 of 2nd period - Gabriel Landeskog is hit by Ramzi Abid and loses puck.
11:59 of 2nd period - Penalty to Evgeny Artyukhin is over, Evgeny Artyukhin is back on ice.
12:25 of 2nd period - Brent Burns is hit by Zach Parise and loses puck.
13:28 of 2nd period - Mikael Backlund is hit by Chris Stewart and loses puck.
14:02 of 2nd period - Chris Stewart is hit by Jeff Schultz and loses puck.
14:35 of 2nd period - Snap shot by Tyler Ennis.
14:35 of 2nd period - Stopped by Jaroslav Halak without a rebound.
14:36 of 2nd period - Nazem Kadri wins face-off versus Mika Zibanejad in Lightning zone.
14:47 of 2nd period - Slapshot by Tyler Ennis.
14:47 of 2nd period - Stopped by Jaroslav Halak with a rebound.
14:49 of 2nd period - Wrist shot by Nazem Kadri.
14:49 of 2nd period - Shot Misses the Net.
14:51 of 2nd period - Slapshot by Nazem Kadri.
14:51 of 2nd period - Shot Blocked by Tyler Toffoli.
15:07 of 2nd period - Slapshot by Marian Gaborik.
15:07 of 2nd period - Deflect By Gabriel Landeskog.
15:07 of 2nd period - Shot Blocked by Theo Peckham.
15:07 of 2nd period - Puck is out of play.
15:08 of 2nd period - Mika Zibanejad wins face-off versus Nick Bonino in Lightning zone.
15:58 of 2nd period - Slapshot by Gabriel Landeskog.
15:58 of 2nd period - Stopped by Maxime Daigneault without a rebound.
15:59 of 2nd period - Nazem Kadri wins face-off versus Mika Zibanejad in Coyotes zone.
16:24 of 2nd period - Matt Stajan is hit by Brad Richards.
16:34 of 2nd period - Backhand shot by Andy Rogers.
16:34 of 2nd period - Shot Misses the Net.
16:42 of 2nd period - Simon Gagné is hit by Chris Stewart and loses puck.
16:55 of 2nd period - Snap shot by Brad Richards.
16:55 of 2nd period - Stopped by Jaroslav Halak without a rebound.
16:56 of 2nd period - Nazem Kadri wins face-off versus Riley Sheahan in Lightning zone.
17:23 of 2nd period - Michael Del Zotto is hit by Michael Raffl and loses puck.
17:51 of 2nd period - Minor Penalty to Andrew MacDonald for Tripping.
17:52 of 2nd period - Jamie Arniel wins face-off versus Mika Zibanejad in Coyotes zone.
18:02 of 2nd period - Snap shot by Tyler Toffoli.
18:02 of 2nd period - Deflect By Mika Zibanejad.
18:02 of 2nd period - Stopped by Maxime Daigneault with a rebound.
18:04 of 2nd period - Snap shot by Brent Burns.
18:04 of 2nd period - Shot Blocked by Martin Samuelsson.
18:28 of 2nd period - Slapshot by Simon Gagné.
18:28 of 2nd period - Shot Hit the Post.
19:51 of 2nd period - Penalty to Andrew MacDonald is over, Andrew MacDonald is back on ice.
Goals for this period are 0 for Lightning vs 0 for Coyotes.
Shots for this period are 6 for Lightning vs 6 for Coyotes.

3rd period


0:01 of 3rd period - Riley Sheahan wins face-off versus Nazem Kadri in neutral zone.
0:04 of 3rd period - Kristopher Letang is hit by Tyler Toffoli and loses puck.
0:09 of 3rd period - Snap shot by Rasmus Ristolainen.
0:09 of 3rd period - Shot Blocked by Tyler Ennis.
0:36 of 3rd period - Wrist shot by Mika Zibanejad.
0:36 of 3rd period - Shot Misses the Net.
0:49 of 3rd period - Minor Penalty to Michael Raffl for Hooking.
0:50 of 3rd period - Riley Sheahan wins face-off versus Marian Gaborik in Lightning zone.
0:54 of 3rd period - Off-side.
0:55 of 3rd period - Nazem Kadri wins face-off versus Riley Sheahan in neutral zone.
1:57 of 3rd period - Marian Gaborik is hit by Riley Sheahan and loses puck.
2:48 of 3rd period - Icing by Michael Del Zotto.
2:49 of 3rd period - Penalty to Michael Raffl is over, Michael Raffl is back on ice.
2:49 of 3rd period - Brad Richards wins face-off versus Mika Zibanejad in Coyotes zone.
2:51 of 3rd period - Icing by Chris Stewart.
2:52 of 3rd period - Brad Richards wins face-off versus Michael Raffl in Coyotes zone.
3:13 of 3rd period - Snap shot by Evgeny Artyukhin.
3:13 of 3rd period - Shot Blocked by Justin Schultz.
3:34 of 3rd period - Off-side.
3:35 of 3rd period - Nazem Kadri wins face-off versus Mika Zibanejad in neutral zone.
3:38 of 3rd period - Wrist shot by Marian Gaborik.
3:38 of 3rd period - Stopped by Jaroslav Halak with a rebound.
3:48 of 3rd period - Wrist shot by Marian Gaborik.
3:48 of 3rd period - Shot Misses the Net.
4:26 of 3rd period - Josh Gorges is hit by Justin Schultz and loses puck.
4:54 of 3rd period - Backhand shot by Gabriel Landeskog.
4:54 of 3rd period - Deflect By Michael Del Zotto.
4:54 of 3rd period - Stopped by Maxime Daigneault without a rebound.
4:55 of 3rd period - Mika Zibanejad wins face-off versus Nazem Kadri in Coyotes zone.
5:51 of 3rd period - Wrist shot by Evgeny Artyukhin.
5:51 of 3rd period - Shot Blocked by Andy Rogers.
5:57 of 3rd period - Minor Penalty to Mikael Backlund for Diving.
5:58 of 3rd period - Tyler Ennis wins face-off versus Riley Sheahan in Lightning zone.
6:05 of 3rd period - Snap shot by Tyler Ennis.
6:05 of 3rd period - Shot Blocked by Brent Burns.
6:07 of 3rd period - Backhand shot by Michael Del Zotto.
6:07 of 3rd period - Stopped by Jaroslav Halak without a rebound.
6:08 of 3rd period - Nazem Kadri wins face-off versus Riley Sheahan in Lightning zone.
6:11 of 3rd period - Snap shot by Marian Gaborik.
6:11 of 3rd period - Shot Misses the Net.
6:13 of 3rd period - Wrist shot by Marian Gaborik.
6:13 of 3rd period - Goal by Marian Gaborik - Lightning : 1 - Coyotes : 1.
6:14 of 3rd period - Nazem Kadri wins face-off versus Riley Sheahan in neutral zone.
6:41 of 3rd period - Mika Zibanejad is hit by Anton Stralman.
8:25 of 3rd period - Icing by Josh Gorges.
8:26 of 3rd period - Riley Sheahan wins face-off versus Nick Bonino in Coyotes zone.
8:59 of 3rd period - Slapshot by Rasmus Ristolainen.
8:59 of 3rd period - Shot Blocked by Nick Bonino.
9:05 of 3rd period - Slapshot by Ramzi Abid.
9:05 of 3rd period - Stopped by Jaroslav Halak with a rebound.
9:09 of 3rd period - Wrist shot by Marian Gaborik.
9:09 of 3rd period - Stopped by Jaroslav Halak without a rebound.
9:10 of 3rd period - Mika Zibanejad wins face-off versus Brad Richards in Lightning zone.
9:17 of 3rd period - Icing by Kristopher Letang.
9:18 of 3rd period - Mika Zibanejad wins face-off versus Chris Stewart in Coyotes zone.
9:21 of 3rd period - Snap shot by Mika Zibanejad.
9:21 of 3rd period - Stopped by Maxime Daigneault without a rebound.
9:22 of 3rd period - Brad Richards wins face-off versus Riley Sheahan in Coyotes zone.
9:22 of 3rd period - Brad Richards is hit by Rasmus Ristolainen.
9:56 of 3rd period - Icing by Rasmus Ristolainen.
9:57 of 3rd period - Mika Zibanejad wins face-off versus Nazem Kadri in Lightning zone.
10:04 of 3rd period - Slapshot by Rasmus Ristolainen.
10:04 of 3rd period - Shot Blocked by Josh Gorges.
10:06 of 3rd period - Wrist shot by Mika Zibanejad.
10:06 of 3rd period - Stopped by Maxime Daigneault without a rebound.
10:07 of 3rd period - Riley Sheahan wins face-off versus Nazem Kadri in Coyotes zone.
10:14 of 3rd period - Slapshot by Tyler Toffoli.
10:14 of 3rd period - Stopped by Maxime Daigneault with a rebound.
11:01 of 3rd period - Jeff Schultz is hit by Evgeny Artyukhin and loses puck.
11:26 of 3rd period - Slapshot by Michael Raffl.
11:26 of 3rd period - Shot Hit the Post.
12:14 of 3rd period - Snap shot by Tyler Toffoli.
12:14 of 3rd period - Stopped by Maxime Daigneault with a rebound.
12:16 of 3rd period - Wrist shot by Tyler Toffoli.
12:16 of 3rd period - Stopped by Maxime Daigneault without a rebound.
12:17 of 3rd period - Nazem Kadri wins face-off versus Riley Sheahan in Coyotes zone.
12:44 of 3rd period - Michael Raffl is hit by Josh Gorges and loses puck.
12:49 of 3rd period - Snap shot by Zach Parise.
12:49 of 3rd period - Goal by Zach Parise - Lightning : 1 - Coyotes : 2.
12:50 of 3rd period - Riley Sheahan wins face-off versus Nazem Kadri in neutral zone.
13:17 of 3rd period - Kristopher Letang is hit by Brent Burns and loses puck.
13:22 of 3rd period - Wrist shot by Dwight King.
13:22 of 3rd period - Stopped by Maxime Daigneault with a rebound.
13:24 of 3rd period - Snap shot by Jeff Schultz.
13:24 of 3rd period - Shot Misses the Net.
13:49 of 3rd period - Rasmus Ristolainen is hit by Brad Richards and loses puck.
14:08 of 3rd period - Snap shot by Evgeny Artyukhin.
14:08 of 3rd period - Goal by Evgeny Artyukhin - Lightning : 1 - Coyotes : 3.
14:09 of 3rd period - Riley Sheahan wins face-off versus Nazem Kadri in neutral zone.
14:18 of 3rd period - Slapshot by Riley Sheahan.
14:18 of 3rd period - Deflect By Tyler Toffoli.
14:18 of 3rd period - Stopped by Maxime Daigneault with a rebound.
15:14 of 3rd period - Simon Gagné is hit by Tyler Ennis and loses puck.
15:47 of 3rd period - Slapshot by Rasmus Ristolainen.
15:47 of 3rd period - Stopped by Maxime Daigneault without a rebound.
15:48 of 3rd period - Tyler Ennis wins face-off versus Mika Zibanejad in Coyotes zone.
15:48 of 3rd period - Tyler Ennis is hit by Gabriel Landeskog.
15:54 of 3rd period - Kristopher Letang is hit by Dwight King and loses puck.
15:59 of 3rd period - Snap shot by Dwight King.
15:59 of 3rd period - Shot Misses the Net.
16:41 of 3rd period - Snap shot by Tyler Toffoli.
16:41 of 3rd period - Stopped by Maxime Daigneault with a rebound.
16:43 of 3rd period - Snap shot by Andy Rogers.
16:43 of 3rd period - Deflect By Andrew MacDonald.
16:43 of 3rd period - Stopped by Maxime Daigneault without a rebound.
16:44 of 3rd period - Jamie Arniel wins face-off versus Riley Sheahan in Coyotes zone.
16:49 of 3rd period - Snap shot by Kristopher Letang.
16:49 of 3rd period - Shot Misses the Net.
17:03 of 3rd period - Minor Penalty to Evgeny Artyukhin for Hooking.
17:04 of 3rd period - Mika Zibanejad wins face-off versus Jamie Arniel in Coyotes zone.
17:07 of 3rd period - Snap shot by Tyler Toffoli.
17:07 of 3rd period - Stopped by Maxime Daigneault without a rebound.
17:08 of 3rd period - Jamie Arniel wins face-off versus Mika Zibanejad in Coyotes zone.
18:01 of 3rd period - Mike Weber is hit by Justin Schultz and loses puck.
18:13 of 3rd period - Icing by Brent Burns.
18:14 of 3rd period - Mika Zibanejad wins face-off versus Brad Richards in Lightning zone.
19:03 of 3rd period - Penalty to Evgeny Artyukhin is over, Evgeny Artyukhin is back on ice.
Goals for this period are 0 for Lightning vs 3 for Coyotes.
Shots for this period are 12 for Lightning vs 7 for Coyotes.